AoeStats
← theanswer5

Scandinavia

510537226Analyzed
1v1 RM · 21h ago on Oct 1, 2026· 28m 8s· 2 players
Game mode
Random Map
Map size
Tiny (2 player)
Population
200
Speed
Normal
Resources
Standard
Victory
Conquest
Starting age
Dark Age
Ending age
Imperial Age
RankedLock teamsTeams togetherTeam positionsShared explorationLock speedFull tech treeHidden civsTurbo modeCheats
Victory
Defeat
🇹🇷 Magyars · Türkiye
1603
+18
🇹🇼 Hindustanis · Taiwan
1654
-18
theanswer5
4:52 Loom
10:35 Feudal Age
14:09 Double-Bit Axe
17:56 Castle Age
16:03 Gold Mining
16:18 Horse Collar
17:51 Bloodlines
17:54 Fletching
19:49 Padded Archer Armor
20:21 Heavy Plow
23:07 Ballistics
22:53 Fishing Lines
24:14 Bodkin Arrow
26:54 Wheelbarrow
moneymickey
7:46 Loom
10:38 Feudal Age
11:28 Double-Bit Axe
16:43 Castle Age
17:27 Fishing Lines
22:56 Town Watch
23:18 Scale Barding Armor
25:51 Medium Warships
Connection lost

Rejoining the realm…

Still unreachable

The connection could not be restored.

Session expired

The server has moved on; the page needs a fresh start.